 Dungeon Crawl Stone Soup version 0.30-a0-1103-g25895a7845 (webtiles) character file.

Game seed: 10872160665877984901

45690 jasper the Trollish Aeon (level 14, -24/143 HPs)
             Began as a Troll Delver on Apr 18, 2023.
             Was the Champion of Cheibriados.
             Killed from afar by an ancient lich (54 damage)
             ... with a crystal spear
             ... while petrified by an ancient lich
             ... on level 2 of the Abyss.
             The game lasted 00:31:29 (14745 turns).

jasper the Trollish Aeon (Troll Delver)            Turns: 14745, Time: 00:31:29

Health: -24/143    AC: 12    Str: 36      XL:     14   Next: 2%
Magic:  18/22      EV:  1    Int: 22 (23) God:    Cheibriados [******]
Gold:   466        SH:  0    Dex: 26      Spells: 1/13 levels left

rFire   . . .      SeeInvis .      - Unarmed
rCold   . . .      Faith    .    (no shield)
rNeg    + + +      Spirit   .    S - +0 troll leather armour
rPois   ∞          Reflect  .    R - +0 hat {Stlth+}
rElec   +          Rampage  .    W - +1 cloak {rPois}
rCorr   .          Rage     9%   (gloves unavailable)
Will    +....                    (boots unavailable)
Stlth   ++++                     n - amulet of the Air {Inacc Air Fly rElec RMsl}
HPRegen 0.00/turn                B - +5 ring of evasion
MPRegen 0.18/turn                p - +4 ring of protection

@: mighty, petrified, weakened, sick, flying, studying Unarmed Combat, repel
missiles, very slow
A: large, unfitting armour, claws 3, regeneration 1, shaggy fur 1, tough skin 1,
[berserk 2], [deterioration 2], [weak 2]
a: Renounce Religion, Bend Time, Temporal Distortion, Slouch, Step From Time


You were on level 2 of the Abyss.
You worshipped Cheibriados.
Cheibriados was exalted by your worship.
You visited 4 branches of the dungeon, and saw 20 of its levels.
You visited the Abyss 1 time.
You also visited: Gauntlet.

You collected 1480 gold pieces.
You spent 1014 gold pieces at shops.

Inventory:

Hand Weapons
 e - a +0 giant club
 l - a +3 dire flail of protection
 s - a +1 giant club
Missiles
 A - 9 javelins
 I - 9 curare-tipped darts
 J - 6 poisoned darts (quivered)
 U - 4 large rocks
Armour
 F - +0 steam dragon scales
 R - a +0 hat of stealth (worn)
 S - a +0 troll leather armour (worn)
 W - a +1 cloak of poison resistance (worn)
Jewellery
 a - a ring of willpower
 n - the amulet of the Air (around neck) {Inacc Air Fly rElec RMsl}
   (You bought it in a shop on level 2 of the Orcish Mines)

   [amulet of nothing]

   Inacc:     It reduces the accuracy of your attacks and spells.
   Air:       It enhances your air magic.
   rElec:     It insulates you from electricity.
   Fly:       It grants you flight.
   RMsl:      It protects you from missiles.
 p - a +4 ring of protection (right claw)
 z - a ring of ice
 B - a +5 ring of evasion (left claw)
 E - a ring of flight
 G - a ring of protection from cold
 L - the amulet of Dishonour {Harm rPois Regen+ MP-9}
   (You found it in a Gauntlet)

   [amulet of regeneration]

   rPois:     It protects you from poison.
   MP:        It affects your magic capacity (-9).
   Regen:     It increases your rate of health regeneration.
   Harm:      It increases damage dealt and taken.
 M - a ring of wizardry
 T - an amulet of magic regeneration
 X - an amulet of regeneration
Wands
 f - a wand of digging (17)
 i - a wand of mindburst (23)
 q - a wand of flame (14)
 C - a wand of iceblast (1)
 V - a wand of polymorph (7)
Scrolls
 b - 3 scrolls of fog
 c - 4 scrolls of magic mapping
 d - a scroll of fear
 j - 6 scrolls of teleportation
 t - 2 scrolls of blinking
 y - 2 scrolls of enchant weapon
 N - 2 scrolls of amnesia
 O - a scroll of silence
 Q - 2 scrolls of enchant armour
 Z - a scroll of summoning
Potions
 g - 9 potions of curing
 h - 4 potions of haste
 k - 7 potions of lignification
 m - 7 potions of brilliance
 o - 2 potions of resistance
 r - a potion of might
 u - 4 potions of heal wounds
 v - 4 potions of ambrosia
 x - 5 potions of flight
 D - 5 potions of mutation
 H - 3 potions of attraction {unknown}
 K - 5 potions of degeneration
 Y - a potion of magic {unknown}


   Skills:
 - Level 10.0 Fighting
 - Level 10.0 Dodging
 - Level 2.7 Stealth
 - Level 10.0 Unarmed Combat
 - Level 3.0 Translocations
 + Level 6.1 Transmutations
 - Level 12.4 Invocations


You had one spell level left.
You knew the following spells:

 Your Spells              Type           Power      Damage    Failure   Level
a - Wereblood             Tmut           26%        N/A       2%          2
b - Dragon Form           Tmut           13%        N/A       100%        7
c - Apportation           Tloc           26%        N/A       5%          1
d - Blink                 Tloc           26%        N/A       9%          2

Your spell library contained the following spells:

 Spells                   Type           Power      Damage    Failure   Level
 Beastly Appendage        Tmut           52%        N/A       1%          1
 Freeze                   Ice            0%         1d3       19%         1
 Passwall                 Tmut/Erth      10%        N/A       9%          2
 Spider Form              Tmut/Pois      13%        N/A       16%         3
 Ensorcelled Hibernation  Hex/Ice        0%         N/A       28%         2
 Static Discharge         Conj/Air       0%         2-2/arc   28%         2
 Sublimation of Blood     Necr           0%         N/A       28%         2
 Blade Hands              Tmut           13%        N/A       38%         5
 Manifold Assault         Tloc           13%        N/A       47%         4
 Petrify                  Tmut/Erth      13%        N/A       47%         4
 Frozen Ramparts          Ice            0%         1d1       50%         3
 Hailstorm                Conj/Ice       0%         3d3       50%         3
 Stone Arrow              Conj/Erth      0%         3d7       50%         3
 Swiftness                Air            0%         N/A       50%         3
 Alistair's Intoxication  Tmut/Pois      8%         N/A       83%         5
 Irradiate                Conj/Tmut      6%         3d13      83%         5
 Airstrike                Air            0%         2d(0-16)  88%         4
 Animate Armour           Summ/Erth      0%         N/A       88%         4
 Summon Lightning Spire   Summ/Air       0%         N/A       88%         4
 Storm Form               Tmut/Air       10%        N/A       100%        7
 Summon Hydra             Summ           0%         N/A       100%        7
 Lehudib's Crystal Spear  Conj/Erth      0%         10d2      100%        8


Dungeon Overview and Level Annotations

Branches:
Dungeon (12/15)            Temple (1/1) D:5            Lair (5/5) D:8
 Spider (0/4) Lair:3          Orc (2/2) D:10            Elf (0/3) Orc:2
Gauntlet (visited)
  Swamp: Lair:2-3    Shoals: Lair:2-3     Slime: Lair:4-5

Altars:
Ashenzari
Cheibriados
Dithmenos
Elyvilon
Fedhas
Gozag
Hepliaklqana
Kikubaaqudgha
Makhleb
Nemelex Xobeh
Okawaru
Qazlal
Ru
Sif Muna
Trog
Uskayaw
Vehumet
Wu Jian
Xom
Yredelemnul
Zin
The Shining One

Shops:
D:3 *   D:6 *!!(   D:12 :   Orc:2 !!=

Annotations:
Lair:5 1 runed translucent door, retardedninja's ghost, journeyman NaFi
Orc:2 Erolcha


Innate Abilities, Weirdness & Mutations

You are too large for most types of armour.
You have claws for hands.
Your natural rate of healing is unusually fast.
You are covered in fur. (AC +1)
You have tough skin. (AC +1)
[You have an uncontrollable temper.]
[Your body often deteriorates upon taking damage.]
[You are very weak. (Str -4)]


Message History

The orange demon stings you but does no damage.
The orange demon closely misses you. The ancient lich touches you!
The orange demon stings you but does no damage.
The orange demon completely misses you.
You have turned to stone.
The ancient lich touches you.
The wretched star pulses with an eldritch light!
You feel yourself wasting away.
You feel your body start to fall apart.
The orange demon stings you but does no damage.
The orange demon hits you but does no damage.
The ancient lich touches you but does no damage.
The ancient lich touches you! The orange demon stings you!
The orange demon hits you but does no damage.
The ancient lich touches you.
The orange demon stings you but does no damage.
The orange demon hits you but does no damage.
The ancient lich touches you!
* * * LOW HITPOINT WARNING * * *
The wretched star pulses with an eldritch light!
You feel weaker. x2
The ancient lich touches you but does no damage.
The orange demon stings you but does no damage.
The orange demon hits you but does no damage.
The wretched star glows turbulently.
The lance of force hits you!
* * * LOW HITPOINT WARNING * * *
You are knocked back by the lance of force.
You slam into the stone wall!
* * * LOW HITPOINT WARNING * * *
The ancient lich touches you but does no damage.
The orange demon stings you from afar!
* * * LOW HITPOINT WARNING * * *
The ancient lich barely misses you. The ancient lich touches you!
* * * LOW HITPOINT WARNING * * *
The orange demon stings you but does no damage.
The ancient lich touches you but does no damage.
The orange demon completely misses you. The ancient lich casts a spell at you.
The crystal spear hits you!!!!
You die...

.. # #. .# . .
#. # #. .#... ..
.###.#. . #..
#..... #.##
.#..#....###....
.....#4#...#..#
##.L*.#...#
#...@...#
#.##.#..### .
#....#.####
#.....#..§.....
#.#.
##...#§.#..# . #
#.####....## #.
#..#... . #...
#.. .. ##
....###


You could see an ancient lich (fast), a wretched star and an orange demon.

Vanquished Creatures
  Gastronok (Orc:1)
  A very ugly thing (Abyss:2)
  A minotaur (Gauntlet)
  A centaur warrior (D:10)
  A hydra (Lair:2)
  4 two-headed ogres
  An ogre mage (Orc:2)
  A boulder beetle (D:12)
  Sonja (Lair:3)
  4 skeletal warriors (D:12)
  Amaemon (Lair:2)
  Pikel (D:7)
  2 orc knights (Orc:2)
  A deep elf pyromancer (D:10)
  7 orc sorcerers
  A manticore (D:12)
  10 elephants
  A cyclops (D:12)
  An ice statue (Gauntlet)
  2 black mambas
  3 gargoyles
  A rime drake (Gauntlet)
  5 cane toads
  Psyche (D:12)
  4 komodo dragons
  An orange demon (Lair:2)
  An unseen horror (D:12)
  An efreet (Gauntlet)
  A yaktaur (D:10)
  A tyrant leech (Gauntlet)
  An ancient zyme (Abyss:2)
  4 trolls
  A hornet (D:11)
  Grinder (D:6)
  3 blink frogs (Lair:3)
  Prince Ribbit (D:6)
  A large abomination (Abyss:2)
  A shadow (D:10)
  A slime creature (Lair:4)
  A vampire (D:12)
  5 wyverns
  3 fire elementals (Gauntlet)
  A wraith (D:11)
  40 yaks
  A chaos spawn (Abyss:2)
  2 steam dragons
  4 vampire mosquitoes (D:11)
  Menkaure (D:5)
  Edmund (D:6)
  3 wargs (Orc:2)
  4 swamp worms (Gauntlet)
  2 acid dragons
  A hell hound (Gauntlet)
  9 water moccasins
  A black bear (D:8)
  A sky beast (D:6)
  15 orc warriors
  9 ogres
  4 wolves
  10 centaurs
  2 lemures (D:7)
  6 kobold brigands
  A gnoll sergeant (D:9)
  A wyvern zombie (D:5)
  10 bullfrogs
  5 scorpions
  A water moccasin zombie (D:5)
  4 wights
  6 killer bees (D:10)
  A howler monkey (D:6)
  10 orc priests
  3 hounds
  6 jellies
  6 gnoll boudas
  Crazy Yiuf (D:5)
  A sleepcap (D:6)
  4 iguanas (D:6)
  28 orc wizards
  A scorpion zombie (D:5)
  A howler monkey zombie (D:5)
  Robin (D:3)
  24 gnolls
  4 adders
  4 shadow imps
  2 white imps (D:6)
  An ufetubus (D:6)
  2 adder zombies (D:5)
  4 dart slugs
  69 orcs
  24 endoplasms
  10 goblins
  13 hobgoblins
  6 jackals
  A quokka (D:2)
  6 ball pythons
  4 bats
  3 frilled lizards
  20 kobolds
  5 rats
  2 fungi (Lair:4)
497 creatures vanquished.

Vanquished Creatures (others)
  3 orc wizards (Orc:2)
  4 demonic plants (Gauntlet)
  16 fungi
  10 plants
33 creatures vanquished.

Grand Total: 530 creatures vanquished

Notes
Turn   | Place    | Note
-------+----------+-------------------------------------------
     0 | D:5      | jasper the Troll Delver began the quest for the Orb.
     0 | D:5      | Reached XP level 1. HP: 22/22 MP: 0/0
    71 | D:4      | Noticed a scorpion
    91 | D:4      | Killed a scorpion
    92 | D:4      | Reached XP level 2. HP: 3/29 MP: 1/1
    92 | D:4      | Reached XP level 3. HP: 4/36 MP: 2/2
    95 | D:4      | HP: 1/36 [poisoned by a scorpion]
   167 | D:4      | Noticed an ogre
   176 | D:4      | Killed an ogre
   177 | D:4      | Reached XP level 4. HP: 22/45 MP: 3/3
   177 | D:4      | Reached XP level 5. HP: 26/53 MP: 4/4
   211 | D:3      | Noticed Robin
   258 | D:3      | Found Winnysh's Assorted Antiques.
   267 | D:3      | Bought a scroll labelled YSHICY FIKYQ for 24 gold pieces
  2068 | D:3      | Reached XP level 6. HP: 61/61 MP: 5/5
  2172 | D:3      | Reached skill level 5 in Unarmed Combat
  2204 | D:3      | Bought a fluorescent wand for 96 gold pieces
  2211 | D:3      | Killed Robin
  2735 | D:4      | Reached XP level 7. HP: 68/68 MP: 6/6
  2784 | D:4      | Learned a level 2 spell: Wereblood
  3243 | D:5      | Found a basalt altar of Yredelemnul.
  3351 | D:5      | Found a staircase to the Ecumenical Temple.
  3367 | Temple   | Entered the Ecumenical Temple
  3404 | Temple   | Became a worshipper of Cheibriados the Contemplative
  3546 | D:5      | Noticed Menkaure
  3552 | D:5      | Killed Menkaure
  3553 | D:5      | Reached XP level 8. HP: 79/79 MP: 7/7
  3764 | D:5      | Reached skill level 1 in Invocations
  3804 | D:3      | Bought a diamond ring for 120 gold pieces
  4014 | D:5      | Found a runed translucent door.
  4015 | D:5      | Noticed Crazy Yiuf
  4022 | D:5      | Killed Crazy Yiuf
  4109 | D:6      | Found Utelufua's General Store.
  4282 | D:6      | Noticed Edmund
  4291 | D:6      | Killed Edmund
  4292 | D:6      | Reached skill level 2 in Invocations
  4295 | D:6      | Reached skill level 5 in Fighting
  4295 | D:6      | Noticed Prince Ribbit
  4312 | D:6      | Killed Prince Ribbit
  4360 | D:6      | Reached * piety under Cheibriados
  4439 | D:6      | Noticed Grinder
  4465 | D:6      | Killed Grinder
  4466 | D:6      | Reached XP level 9. HP: 82/88 MP: 7/10
  4549 | D:6      | Found a shimmering altar of Xom.
  4552 | D:6      | Found a shimmering altar of Xom.
  4552 | D:6      | Found a shimmering altar of Xom.
  4553 | D:6      | Found a shimmering altar of Xom.
  4553 | D:6      | Found a shimmering altar of Xom.
  4553 | D:6      | Found a shimmering altar of Xom.
  4594 | D:6      | Found Pagu's Antique Weapon Emporium.
  4719 | D:6      | Found Ugokhli's Distillery.
  4723 | D:6      | Reached skill level 5 in Dodging
  4723 | D:6      | Reached skill level 3 in Invocations
  4742 | D:6      | Bought a potion of curing for 30 gold pieces
  4754 | D:6      | Found Edwur's Distillery.
  4810 | D:6      | Reached ** piety under Cheibriados
  4988 | D:7      | Noticed Pikel
  4993 | D:7      | Killed Pikel
  5087 | D:7      | Reached skill level 4 in Invocations
  5735 | D:7      | Reached XP level 10. HP: 63/98 MP: 7/12
  6045 | D:7      | Reached skill level 10 in Unarmed Combat
  6173 | D:8      | Found a staircase to the Lair.
  6282 | D:8      | Reached *** piety under Cheibriados
  6390 | D:8      | Noticed a two-headed ogre
  6403 | D:8      | Killed a two-headed ogre
  6404 | D:8      | Reached skill level 5 in Invocations
  7080 | Lair:1   | Entered Level 1 of the Lair of Beasts
  7136 | D:9      | Found a broken altar of Ashenzari.
  7238 | D:9      | Found a stormy altar of Qazlal.
  7796 | D:10     | Entered Level 10 of the Dungeon
  7807 | D:10     | Found an ancient bone altar of Kikubaaqudgha.
  7812 | D:10     | Found a radiant altar of Vehumet.
  7829 | D:10     | Learned a level 7 spell: Dragon Form
  7834 | D:10     | Found a hide-covered altar of Uskayaw.
  7875 | D:10     | Reached **** piety under Cheibriados
  8013 | D:10     | Reached skill level 6 in Invocations
  8051 | D:10     | Found a staircase to the Orcish Mines.
  8288 | D:10     | Noticed a two-headed ogre
  8293 | D:10     | Killed a two-headed ogre
  8294 | D:10     | Reached XP level 11. HP: 110/110 MP: 12/14
  8419 | D:10     | Noticed a two-headed ogre
  8431 | D:10     | Killed a two-headed ogre
  8516 | D:10     | Reached skill level 7 in Invocations
  8519 | D:10     | Noticed a two-headed ogre
  8522 | D:10     | Noticed a centaur warrior
  8526 | D:10     | Killed a two-headed ogre
  8576 | D:10     | Killed a centaur warrior
  8634 | D:10     | Noticed a deep elf pyromancer
  8641 | D:10     | Killed a deep elf pyromancer
  8853 | D:11     | Reached ***** piety under Cheibriados
  8965 | D:11     | Reached skill level 8 in Invocations
  9576 | D:12     | Reached XP level 12. HP: 118/123 MP: 17/17
  9659 | D:12     | Noticed a boulder beetle
  9665 | D:12     | Killed a boulder beetle
  9711 | D:12     | Found Wiraic's Book Boutique.
  9718 | D:12     | Noticed Psyche
  9725 | D:12     | Killed Psyche
  9736 | D:12     | Bought a book of Party Tricks for 256 gold pieces
  9738 | D:12     | Learned a level 1 spell: Apportation
  9893 | D:12     | Reached skill level 9 in Invocations
 11067 | Lair:2   | Noticed an eight-headed hydra
 11071 | Lair:2   | Killed an eight-headed hydra
 11089 | Lair:2   | Reached skill level 10 in Fighting
 11197 | Lair:2   | Reached skill level 10 in Dodging
 11197 | Lair:2   | Reached skill level 10 in Invocations
 11424 | Lair:2   | Noticed Amaemon
 11442 | Lair:2   | Killed Amaemon
 11551 | Lair:2   | You fall into a shaft and drop 1 floor!
 11628 | Lair:3   | Noticed Sonja
 11638 | Lair:3   | Killed Sonja
 11707 | Lair:3   | Reached skill level 11 in Invocations
 11711 | Lair:3   | Reached XP level 13. HP: 133/133 MP: 20/20
 11905 | Lair:3   | Reached ****** piety under Cheibriados
 11938 | Lair:3   | Found a hole to the Spider Nest.
 12338 | Lair:4   | Reached skill level 12 in Invocations
 12549 | Lair:4   | Reached skill level 1 in Transmutations
 12556 | Lair:4   | Learned a level 2 spell: Blink
 12996 | Lair:5   | Entered Level 5 of the Lair of Beasts
 13010 | Lair:4   | Reached skill level 1 in Translocations
 13029 | Lair:5   | Noticed retardedninja's ghost (journeyman NaFi)
 13029 | Lair:5   | Found a runed translucent door.
 13198 | Orc:1    | Entered Level 1 of the Orcish Mines
 13198 | Orc:1    | Noticed Gastronok
 13221 | Orc:1    | Killed Gastronok
 13236 | Orc:1    | Paralysed by an orc sorcerer for 3 turns
 13325 | Orc:2    | Entered Level 2 of the Orcish Mines
 13335 | Orc:2    | Found a gate leading to a gauntlet.
 13344 | Gauntlet | Entered a Gauntlet
 13344 | Gauntlet | Found a transporter.
 13344 | Gauntlet | Found a transporter.
 13348 | Gauntlet | Found a transporter.
 13348 | Gauntlet | Found a transporter.
 13359 | Gauntlet | Found a transporter.
 13366 | Gauntlet | Found a transporter.
 13367 | Gauntlet | Noticed a green death
 13376 | Gauntlet | Found a transporter.
 13376 | Gauntlet | Found a transporter.
 13400 | Gauntlet | Found a transporter.
 13407 | Gauntlet | Found a transporter.
 13423 | Gauntlet | Found a transporter.
 13445 | Gauntlet | Found a transporter.
 13490 | Gauntlet | Found a transporter.
 13510 | Gauntlet | Found a transporter.
 13606 | Gauntlet | Found a transporter.
 13620 | Gauntlet | Found a transporter.
 13741 | Gauntlet | Identified a scroll of acquirement
 13744 | Gauntlet | Acquired a manual of Unarmed Combat
 13771 | Gauntlet | Identified the amulet of Dishonour {Harm rPois Regen+ MP-9}
 13951 | Gauntlet | Noticed a minotaur
 13962 | Gauntlet | Killed a minotaur
 13968 | Gauntlet | Identified the +2 scale mail of Ignis's Whim {rPois SInv
                  | Stlth+}
 13968 | Gauntlet | Identified the ring "Plog" {Wiz Int+2 Dex+3 Slay-5 Stlth+}
 14372 | Orc:2    | Reached skill level 5 in Transmutations
 14378 | Orc:2    | Found Coloj's Distillery.
 14393 | Orc:2    | Found Ygeef's Jewellery Shoppe.
 14395 | Orc:2    | Paralysed by an orc sorcerer for 5 turns
 14417 | Orc:2    | Bought the amulet of the Air {Inacc Air Fly rElec RMsl} for
                  | 488 gold pieces
 14417 | Orc:2    | Found the amulet of the Air {Inacc Air Fly rElec RMsl}
 14450 | Orc:2    | Found an ancient bone altar of Kikubaaqudgha.
 14455 | Orc:2    | Paralysed by an orc sorcerer for 2 turns
 14496 | Orc:2    | Found Komuqi's Distillery.
 14510 | Orc:2    | Noticed Erolcha
 14517 | Abyss:2  | Cast into level 2 of the Abyss (Erolcha)
 14575 | Abyss:2  | Noticed a tentacled starspawn
 14666 | Abyss:2  | Noticed a starcursed mass
 14724 | Abyss:2  | Noticed a purple very ugly thing
 14730 | Abyss:2  | Noticed an ancient lich
 14731 | Abyss:2  | Killed a purple very ugly thing
 14732 | Abyss:2  | Reached XP level 14. HP: 110/143 MP: 22/22
 14745 | Abyss:2  | Killed from afar by an ancient lich

Illustrated notes

Levels and vault maps discovered:
D:1:      wander_arrival_desolate, layout_basic, grunt_decor_fettered,
          nicolae_figureground_sparkle
D:2:      layout_loops_ring
D:3:      layout_basic, serial_shops, nicolae_shop_crystal,
          minmay_increasing_density, uniq_robin
D:4:      layout_loops_ring, minmay_misc_feat_cross
D:5:      layout_loops_cross, nicolae_yredelemnul_corpse_copse,
          minmay_temple_entry_wispy, uniq_crazy_yiuf_cottage, uniq_menkaure
D:6:      minmay_chambers_of_threes, layout_cave_pods, xom_redecorated,
          serial_shops, nicolae_shop_tiny_real_fake_doors, shop,
          kennysheep_mini_moat, shop, uniq_grinder, uniq_prince_ribbit1,
          uniq_edmund
D:7:      kennysheep_seaside_town, layout_loops_ring, uniq_pikel
D:8:      layout_loops_corners, dpeg_oklobed_lair
D:9:      layout_roguey, mainiacjoe_overflow_tiny_flanked,
          mainiacjoe_overflow_cross_hatched, roderic_roman_lattice
D:10:     layout_small_grid, minmay_overflow_temple_star_quad, orc_0_dummy,
          nzn_random_ring
D:11:     layout_cave_pools, lemuel_nasty_fountain
D:12:     layout_roguey, serial_shops, nicolae_shop_trees, uniq_psyche
Temple:   hellmonk_temple_of_storms
Lair:1:   layout_big_grid, dreamdust_gnoll_shepherd
Lair:2:   nzn_winding_woodlands_stair_cross
          [nzn_winding_woodlands_5x15_sidewinder,
          nzn_winding_woodlands_center_pierced_h,
          nzn_winding_woodlands_5x15_default,
          nzn_winding_woodlands_5x5_checkerboard,
          nzn_winding_woodlands_5x5_default,
          nzn_winding_woodlands_5x15_sawtooth,
          nzn_winding_woodlands_center_lodge,
          nzn_winding_woodlands_5x15_parted], layout_regular_city,
          beast_lair_carwin_3, uniq_amaemon
Lair:3:   regret_index_harrowing_hell_hive, layout_gridlike,
          minmay_shoals_entry_hut, nicolae_spider_entry_orb_guardian, uniq_sonja
Lair:4:   lemuel_slime, layout_regular_city, serial_bayou_lagoon_a
Lair:5:   minmay_lair_end_enchanted_forest, layout_cave_pods, slime_entry_2,
          gammafunk_ghost_grave, st_stairs_7, grunt_forest_large_clearing_hut,
          grunt_megastairs_4, uniq_kirke
Orc:1:    layout_diamond_mine, uniq_gastronok
Orc:2:    kennysheep_orc_mage_school, layout_caves, gauntlet_entry_generic,
          roderic_batcave, minmay_orc_barracks
Abyss:2:  base: Orc:1, gammafunk_abyss_exit_x_factor, hangedman_abyss_theft

Skill      XL: |  1  2  3  4  5  6  7  8  9 10 11 12 13 |
---------------+----------------------------------------+-----
Dodging        | 2 3 4 5 7 8 10 | 10.0
Unarmed Combat | 3 4 5 6 8 9 10 | 10.0
Fighting       | 3 4 5 6 7 9 10 | 10.0
Invocations    | 2 4 6 8 11 12 | 12.4
Transmutations | 6 |  6.1
Translocations | 3 |  3.0
Stealth        | |  2.7

Action                     |  1- 3 |  4- 6 |  7- 9 | 10-12 | 13-15 || total
---------------------------+-------+-------+-------+-------+-------++-------
  Melee: Unarmed           |    22 |   220 |   269 |   534 |   397 ||  1442
         Punch             |       |     5 |    11 |    39 |    34 ||    89
  Throw: Boomerang         |     4 |     1 |       |       |       ||     5
         Dart              |       |       |       |    35 |    11 ||    46
         Throwing net      |       |       |       |     1 |       ||     1
   Cast: Wereblood         |       |       |       |       |     8 ||     8
 Invoke: Slouch            |       |       |       |     2 |     1 ||     3
  Evoke: Wand              |       |       |    15 |     9 |    11 ||    35
    Use: Potion            |     2 |       |     1 |       |     2 ||     5
         Scroll            |       |     8 |     6 |     7 |    11 ||    32
   Stab: Sleeping          |       |    12 |     1 |    10 |     1 ||    24
         Held in net/web   |       |       |       |     1 |       ||     1
         Distracted        |       |       |       |     1 |       ||     1
 Armour: Robe              |     3 |    89 |    58 |       |       ||   150
         Steam dragon scal |       |       |    20 |    68 |       ||    88
         Troll leather arm |       |       |       |    98 |   152 ||   250
         Acid dragon scale |       |       |       |    26 |       ||    26
  Dodge: Dodged            |    10 |   109 |   173 |   650 |   560 ||  1502
         Repelled          |       |       |       |       |     1 ||     1

Table legend: (Time is in decaauts)
 A = Elapsed time spent in this place.
 B = Non-inter-level travel time spent in this place.
 C = Inter-level travel time spent in this place.
 D = Time resting spent in this place.
 E = Time spent auto-exploring this place.
 F = Levels seen in this place.
 G = Mean time per level.
                   A        B        C        D        E       F      G
               +--------+--------+--------+--------+--------+-----+--------+
         Total |  20912 |  19566 |   1346 |    468 |  14601 |  22 |  950.5 |
       Dungeon |  13457 |  12506 |    951 |    144 |   9785 |  12 | 1121.4 |
        Temple |     46 |     39 |      7 |      0 |     22 |   1 |   46.0 |
          Lair |   4817 |   4465 |    352 |    219 |   3451 |   5 |  963.4 |
  Orcish Mines |   1045 |   1011 |     34 |     18 |    508 |   2 |  522.5 |
         Abyss |    413 |    413 |      0 |      4 |    232 |   1 |  413.0 |
      Gauntlet |   1133 |   1133 |      0 |     83 |    602 |   1 | 1133.0 |
               +--------+--------+--------+--------+--------+-----+--------+

Top non-repeatable levels by time:
  Lair:4: 1791 daAuts
     D:7: 1651 daAuts
     D:8: 1569 daAuts
  Lair:1: 1482 daAuts
    D:12: 1467 daAuts
    D:10: 1416 daAuts
     D:6: 1170 daAuts
Gauntlet: 1133 daAuts
     D:9: 1075 daAuts
    D:11: 954 daAuts
     D:5: 931 daAuts
     D:3: 882 daAuts
     D:1: 873 daAuts
   Orc:2: 810 daAuts
  Lair:3: 757 daAuts
